 Dungeon Crawl Stone Soup version 0.30.1-11-g7821555f0a (webtiles) character file.

Game seed: 4185503768279631710

740 Marvel the Covered (level 7, -1/61 HPs)
             Began as a Minotaur Berserker on Dec 15, 2023.
             Was a Priest of Trog.
             Slain by an ogre
             ... wielding a +0 giant club
              (25 damage)
             ... on level 4 of the Dungeon.
             The game lasted 00:08:27 (2622 turns).

Marvel the Covered (Minotaur Berserker)             Turns: 2622, Time: 00:08:27

Health: -1/61      AC: 15    Str: 23    XL:     7   Next: 46%
Magic:  6/6        EV:  7    Int:  4    God:    Trog [***...]
Gold:   258        SH:  0    Dex: 10    Spells: 6/6 levels left

rFire   . . .        n - +1 flail (venom)
rCold   . . .        (no shield)
rNeg    . . .        f - +0 plate armour
rPois   .            (helmet restricted)
rElec   .            i - +0 cloak
rCorr   .            r - +0 pair of gloves
SInv    .            (no boots)
Will    ++...        (no amulet) Stlth
                     e - ring of willpower
HPRegen 0.30/turn    w - ring of willpower
MPRegen 0.10/turn

%: no passive effects
@: no status effects
A: horns 2, retaliatory headbutt
a: Renounce Religion, Berserk, Trog's Hand


You were on level 4 of the Dungeon.
You worshipped Trog.
Trog was most pleased with you.
You visited 1 branch of the dungeon, and saw 4 of its levels.

You collected 258 gold pieces.

Inventory:

Hand Weapons
 a - a +0 falchion
 n - a +1 flail of venom (weapon)
 s - a +1 short sword of speed
Missiles
 c - 10 poisoned darts (quivered)
 l - 4 javelins
Armour
 b - a +0 animal skin
 f - a +0 plate armour (worn)
 i - a +0 cloak (worn)
 r - a +0 pair of gloves (worn)
Jewellery
 e - a ring of willpower (left hand)
 w - a ring of willpower (right hand)
 z - a ring of resist corrosion
Wands
 v - a wand of paralysis (4)
 y - a wand of quicksilver (12)
Scrolls
 d - a scroll of enchant weapon {unknown}
 g - 6 scrolls of identify {unknown}
 k - a scroll of teleportation {unknown}
 m - a scroll of fog {unknown}
 o - a scroll of silence {unknown}
 p - a scroll of brand weapon {unknown}
Potions
 h - 2 potions of ambrosia {unknown}
 j - a potion of curing {unknown}
 q - a potion of flight {unknown}
 t - a potion of might {unknown}
 u - a potion of lignification {unknown}
 x - a potion of degeneration {unknown}


   Skills:
 + Level 5.2 Fighting
 + Level 6.1 Long Blades
 + Level 4.0 Maces & Flails
 + Level 6.2 Armour
 + Level 3.2 Dodging
 + Level 0.1 Stealth


You had 6 spell levels left.
You didn't know any spells.
Your spell library was empty.

Dungeon Overview and Level Annotations

Branches:
Dungeon (4/15)
 Temple: D:4-7

Altars:


Innate Abilities, Weirdness & Mutations

You have a pair of horns on your head.
You reflexively headbutt those who attack you in melee.


Message History

Your skin crawls.
You feel strong-willed. The ogre attacks as you move away!
The ogre barely misses you.
There is an open door here.
The ogre attacks as you move away! The ogre barely misses you.
You furiously retaliate!
You headbutt the ogre, but do no damage.
Throw: 12 darts (poison)
Press: ? - help, Q - select action, (/) - cycle Shift-Dir - straight line, f - ogre
Aim: an ogre, wielding a +0 giant club (lightly wounded, 73% to hit)
You throw a poisoned dart. The poisoned dart hits the ogre.
The ogre is lightly wounded.
The ogre attacks as you move away! The ogre closely misses you.
Things that are here:
a +0 flail; an orc corpse You feel the effects of Trog's Hand fading.
The ogre attacks as you move away! The ogre hits you with a +0 giant club!
Throw: 11 darts (poison)
Press: ? - help, Q - select action, (/) - cycle Shift-Dir - straight line, f/p - ogre
Aim: an ogre, wielding a +0 giant club (lightly wounded, 73% to hit)
You throw a poisoned dart. The poisoned dart hits the ogre.
The ogre is lightly wounded.
The ogre attacks as you move away!
The ogre hits you with a +0 giant club!!
* * * LOW HITPOINT WARNING * * *
Your skin stops crawling.
You feel less strong-willed.
Found a metallic white potion.
The ogre attacks as you move away! The ogre hits you with a +0 giant club.
* * * LOW HITPOINT WARNING * * *
Your skin crawls.
You feel strong-willed.
You hear the brisk hiss of an avalanche of sand nearby.
You feel the effects of Trog's Hand fading.
The ogre attacks as you move away! The ogre hits you but does no damage.
There is an open door here.
Your skin stops crawling.
You feel less strong-willed.
You see here a poisoned dart.
The ogre attacks as you move away!
The ogre hits you with a +0 giant club!!
You die...

### .... #.####..############# .
###...##..##..##......# .
..#...##..##.....#....# .# ##
.......).........#....######'##..
......)))).......#...........#..!
.###.###†)##.....#..............
.# #.# #####.....O............#
.# ... #..##@#######......#
.#..... #####.###..##.....##
.#...... #...#...#..........#
.#....... #...'...#..........#
.#........ #..##)###..###....###
.# #..##.########......# .##..
#.........(.........# .......
.........†.)..........# .......
.##.)...##.)..##.....##


You could see an ogre.

Vanquished Creatures
  Grinder (D:3)
  Sigmund (D:4)
  A black bear (D:4)
  An orc priest (D:4)
  Jessica (D:2)
  Terence (D:2)
  Natasha (thrice) (D:3)
  An orc wizard (D:4)
  Robin (D:4)
  2 adders
  4 worms (D:2)
  2 dart slugs
  6 orcs (D:4)
  10 bats
  5 endoplasms
  A giant cockroach (D:3)
  18 goblins
  7 hobgoblins
  4 jackals (D:4)
  5 quokkas
  3 ball pythons
  6 frilled lizards
  6 kobolds
  6 rats
96 creatures vanquished.

Notes
Turn   | Place    | Note
-------+----------+-------------------------------------------
     0 | D:1      | Marvel the Minotaur Berserker began the quest for the Orb.
     0 | D:1      | Reached XP level 1. HP: 19/19 MP: 0/0
    81 | D:1      | Reached XP level 2. HP: 12/27 MP: 1/1
   363 | D:1      | Reached ** piety under Trog
   665 | D:2      | Reached XP level 3. HP: 33/33 MP: 2/2
   835 | D:2      | Noticed Jessica
   853 | D:2      | Killed Jessica
   857 | D:2      | Reached XP level 4. HP: 34/41 MP: 3/3
   918 | D:2      | Reached skill level 5 in Long Blades
   933 | D:2      | Noticed Terence
   942 | D:2      | Killed Terence
  1233 | D:2      | Reached skill level 1 in Maces & Flails
  1701 | D:3      | Noticed Natasha
  1711 | D:3      | Killed Natasha
  1712 | D:3      | Reached XP level 5. HP: 38/47 MP: 4/4
  1813 | D:3      | Identified the +6 short sword of Qaisustu {freeze, rPois
                  | Str+4 Int-5}
  1870 | D:3      | Reached *** piety under Trog
  1880 | D:3      | Noticed Natasha
  1884 | D:3      | Killed Natasha
  1974 | D:3      | Noticed Natasha
  1980 | D:3      | Killed Natasha
  2114 | D:3      | Noticed Grinder
  2123 | D:3      | Killed Grinder
  2124 | D:3      | Reached skill level 5 in Armour
  2124 | D:3      | Reached XP level 6. HP: 55/55 MP: 5/5
  2290 | D:4      | Noticed Sigmund
  2305 | D:4      | Killed Sigmund
  2306 | D:4      | Reached skill level 5 in Fighting
  2306 | D:4      | Reached XP level 7. HP: 49/61 MP: 6/6
  2438 | D:4      | Noticed Robin
  2447 | D:4      | Killed Robin
  2622 | D:4      | Slain by an ogre

Illustrated notes

Levels and vault maps discovered:
D:1:      elethiomel_arrival_fortress_basement, layout_rooms
D:2:      layout_rooms, st_stairs_4, chequers_jeans,
          chequers_serial_rivers_small_3, uniq_jessica, uniq_terence
D:3:      wad_pebble_path, layout_basic, minmay_mini_jars, uniq_natasha,
          uniq_grinder
D:4:      layout_gridville, mainiacjoe_overflow_alcove_2,
          nicolae_ossuary_entry_ruins, uniq_sigmund, uniq_robin

Skill      XL: |  1  2  3  4  5  6  7 |
---------------+----------------------+-----
Long Blades    | 4 5 6 |  6.1
Fighting       | 4 5 |  5.2
Dodging        | 3 |  3.2
Maces & Flails | 1 2 3 4 |  4.0
Armour         | 3 5 6 |  6.2
Stealth        | |  0.1

Action                     |  1- 3 |  4- 6 |  7- 9 || total
---------------------------+-------+-------+-------++-------
  Melee: Falchion          |    85 |    10 |       ||    95
         Headbutt          |    11 |    14 |     5 ||    30
         Flail             |       |    61 |    47 ||   108
         Punch             |       |       |     1 ||     1
  Throw: Dart              |     1 |       |     2 ||     3
 Invoke: Berserk           |       |     1 |       ||     1
         Trog's Hand       |       |       |     2 ||     2
 Armour: Animal skin       |     8 |       |       ||     8
         Plate armour      |    28 |    47 |    67 ||   142
  Dodge: Dodged            |    44 |    33 |    37 ||   114
